 Dungeon Crawl Stone Soup version 0.30.0-17-ge0270778cf (webtiles) character file.

Game seed: 14741765896289486968

101 NateTC the Cudgeller (level 4, -4/29 HPs)
             Began as a Gargoyle Fighter on May 21, 2023.
             Slain by a gnoll
             ... wielding a +0 halberd
              (9 damage)
             ... on level 2 of the Dungeon.
             The game lasted 00:01:42 (1286 turns).

NateTC the Cudgeller (Gargoyle Fighter)             Turns: 1286, Time: 00:01:42

Health: -4/29      AC: 11    Str: 21    XL:     4   Next: 75%
Magic:  4/4        EV:  9    Int:  9    God:
Gold:   98         SH:  5    Dex:  9    Spells: 3/3 levels left

rFire   . . .        a - +0 flail
rCold   . . .        c - +1 buckler
rNeg    + . .        b - +0 scale mail
rPois   ∞            (no helmet)
rElec   +            (no cloak)
rCorr   .            (no gloves)
SInv    .            j - +0 pair of boots
Will    .....        (no amulet) Stlth
                     (no ring)
HPRegen 0.24/turn    (no ring)
MPRegen 0.09/turn

%: no passive effects
@: on berserk cooldown, slowed, very slow
A: sickness immunity, AC +3, negative energy resistance 1, electricity
resistance, torment resistance 1, petrification resistance
a: no special abilities


You were on level 2 of the Dungeon.
You visited 1 branch of the dungeon, and saw 2 of its levels.

You collected 98 gold pieces.

Inventory:

Hand Weapons
 a - a +0 flail (weapon)
Armour
 b - a +0 scale mail (worn)
 c - a +1 buckler (worn)
 j - a +0 pair of boots (worn)
Scrolls
 g - a scroll of fog
 i - a scroll of teleportation
 l - a scroll of silence {unknown}
 m - a scroll of amnesia {unknown}
Potions
 d - a potion of might
 k - a potion of haste {unknown}


   Skills:
 - Level 4.0 Fighting
 * Level 4.3 Maces & Flails
 - Level 3.2 Armour
 - Level 3.2 Shields


You had 3 spell levels left.
You didn't know any spells.
Your spell library was empty.

Dungeon Overview and Level Annotations

Branches:
Dungeon (2/15) Zot: 10653

Altars:

Shops:
D:2 [


Innate Abilities, Weirdness & Mutations

You are immune to sickness and miasma.
Your stone body is resilient. (AC +3)
You are immune to poison.
You resist negative energy. (rN+)
You are resistant to electric shocks. (rElec)
You are resistant to unholy torment.
You are immune to petrification.


Message History

The ball python attacks as you move away!
You block the ball python's attack. x2
Okay, then.
It was a potion of cancellation.
You feel magically purged. You block the ball python's attack.
The ball python closely misses you.
It was a potion of berserk rage.
A red film seems to cover your vision as you go berserk!
You feel yourself moving faster!
You feel mighty!
The ball python bites you but does no damage.
The ball python misses you. The gnoll barely misses you.
The gnoll hits you but does no damage.
You feel a strong urge to attack something.
You feel your anger nearly subside.
You are no longer berserk.
You are exhausted.
You feel yourself slow down.
It was a potion of heal wounds.
You feel much better.
The ball python bites you but does no damage.
You block the ball python's attack.
You hit the ball python.
You kill the ball python!
You block the hobgoblin's attack. The gnoll completely misses you.
The gnoll hits you with a +0 spear.
You see here a ball python corpse.
You barely miss the hobgoblin. You block the gnoll's attack.
The hobgoblin closely misses you.
The gnoll hits you from afar with a +0 halberd.
You closely miss the hobgoblin. The gnoll hits you with a +0 spear!
* * * LOW HITPOINT WARNING * * *
The hobgoblin hits you but does no damage.
The gnoll hits you from afar with a +0 halberd.
* * * LOW HITPOINT WARNING * * *
The gnoll barely misses you. The hobgoblin barely misses you.
The gnoll hits you with a +0 spear.
* * * LOW HITPOINT WARNING * * *
You completely miss the gnoll. The gnoll hits you but does no damage.
The hobgoblin hits you but does no damage.
You block the gnoll's attack. You block the hobgoblin's attack.
The gnoll hits you from afar with a +0 halberd!
You die...

....... #.##.#. ...... ##
#...... :##....#### ..#
#.##.#. ..........# ...#
#.##.#. .........?# ...#
#...... ......)...# ...#
#.##.#. #..g.....######...###
#......
##....##.#..g...........##.##
##.......gg@......<....[....
#.#.###.#..............##.##
#. .. ...####.#...#.# #[##.##
#. <......# #.#...#.# #......
# .##.##.## #.#...#.# ####.##
#. # #. #.#...#.# #.## #.
###.#...#.######... # #.
#.........#.......# ..
#.###..####.#####.#


You could see 2 gnolls and a hobgoblin.

Vanquished Creatures
  Robin (D:2)
  2 adders (D:2)
  A gnoll (D:2)
  2 dart slugs (D:1)
  4 bats
  3 endoplasms
  3 giant cockroaches (D:1)
  9 goblins
  10 hobgoblins
  6 jackals (D:1)
  2 kobolds (D:1)
  4 quokkas
  A ball python (D:2)
  A frilled lizard (D:1)
  3 rats (D:1)
52 creatures vanquished.

Notes
Turn   | Place    | Note
-------+----------+-------------------------------------------
     0 | D:1      | NateTC the Gargoyle Fighter began the quest for the Orb.
     0 | D:1      | Reached XP level 1. HP: 14/14 MP: 1/1
   132 | D:1      | Reached XP level 2. HP: 13/20 MP: 2/2
   360 | D:1      | Reached XP level 3. HP: 24/24 MP: 3/3
   971 | D:2      | Reached XP level 4. HP: 29/29 MP: 4/4
   972 | D:2      | Noticed Robin
   983 | D:2      | Killed Robin
  1107 | D:2      | Found Denefut's Antique Armour Shoppe.
  1272 | D:2      | HP: 1/29 [ball python (3)]
  1286 | D:2      | Slain by a gnoll

Illustrated notes

Levels and vault maps discovered:
D:1:      kilobyte_arrival_exit_the_forest, layout_loops_ring
D:2:      layout_loops_cross, serial_shops, nicolae_shop_behind_doors,
          uniq_robin

Skill      XL: |  1  2  3  4 |
---------------+-------------+-----
Fighting       | 4 |  4.0
Maces & Flails | 3 4 |  4.3
Armour         | |  3.2
Shields        | |  3.2

Action                     |  1- 3 |  4- 6 || total
---------------------------+-------+-------++-------
  Melee: Flail             |   128 |    48 ||   176
    Use: Scroll            |     4 |       ||     4
         Potion            |       |     3 ||     3
 Armour: Scale mail        |   115 |    46 ||   161
  Dodge: Dodged            |    87 |    37 ||   124
  Block: Buckler           |    42 |    17 ||    59
